 Dungeon Crawl Stone Soup version bcrawl-1.21.3 (webtiles) character file.

Game seed: 3467687512985859860

33 funkygono the Digger (level 3, 0/24 HPs)
             Began as a Formicid Earth Elementalist on Apr 1, 2020.
             Slain by Terence
             ... wielding a +0 short sword
              (4 damage)
             ... on level 2 of the Dungeon.
             The game lasted 00:04:39 (1549 turns).

funkygono the Digger (Formicid Earth Elementalist)  Turns: 1549, Time: 00:04:40

Health: 0/24       AC:  3    Str: 12    XL:     3   Next: 47%
Magic:  0/6        EV: 12    Int: 15    God:
Gold:   58         SH:  0    Dex: 11    Spells: 5/6 levels left

rFire    . . .     SeeInvis +   k - +0 club
rCold    . . .     Gourm    .   (no shield)
rNeg     . . .     Faith    .   c - +0 robe
rPois    .         Spirit   .   (helmet unavailable)
rElec    .         Reflect  .   (no cloak)
rCorr    .         Harm     .   (no gloves)
MR       .....                  (no boots)
Stlth    ++........             (no amulet)
HPRegen  0.08/turn              i - ring of flight
MPRegen  0.10/turn              g - +1 ring of protection

@: no status effects
A: permanent stasis, dig shafts and tunnels, four strong arms, antennae 3,
mutation resistance 1, screaming 1
a: Dig, Shaft Self, Evoke Flight


You were on level 2 of the Dungeon.
You were hungry.

You visited 1 branch of the dungeon, and saw 2 of its levels.

You collected 58 gold pieces.

Inventory:

Hand Weapons
 a - a +0 hunting sling
 k - a +0 club (weapon)
Missiles
 b - 329 stones (quivered)
 d - 266 sling bullets
Armour
 c - a +0 robe (worn)
Jewellery
 g - a +1 ring of protection (right hand)
 i - a ring of flight (left hand)
Scrolls
 f - a scroll of remove curse {unknown}
 h - 2 scrolls of identify
 j - a scroll of teleportation {unknown}
Comestibles
 e - 4 rations {!d}
 n - 4 chunks of flesh


   Skills:
 + Level 0.2 Fighting
 + Level 2.0 Dodging
 + Level 3.0 Stealth
 + Level 2.4 Spellcasting
   Level 1.1 Transmutations
 + Level 4.6 Earth Magic


You had 5 spell levels left.
You knew the following spells:

 Your Spells              Type           Power        Failure   Level  Hunger
a - Sandblast             Erth           ###...       3%          1    #......

Your spell library contained the following spells:

 Spells                   Type           Power        Failure   Level  Hunger
 Passwall                 Tmut/Erth      ##......     10%         2    ###....
 Stone Arrow              Conj/Erth      #.....       24%         3    ###....
 Petrify                  Tmut/Erth      ##......     54%         4    #####..
 Lee's Rapid Deconstruct  Erth           ###.......   65%         5    ######.


Dungeon Overview and Level Annotations

Branches:
Dungeon (2/12)

Altars:
Elyvilon

Annotations:
D:2 Terence


Innate Abilities, Weirdness & Mutations

You cannot be hasted, slowed, berserked, paralysed or teleported.
You can dig through walls and to a lower floor.
Your four strong arms can wield two-handed weapons with a shield.
You have a pair of large antennae on your head. (SInv)
You are somewhat resistant to further mutation.
You occasionally shout uncontrollably at your foes.


Message History

Terence hits you with a +0 short sword.
* * * LOW HITPOINT WARNING * * *
Casting: Sandblast (safe; 3% risk of failure)
Confirm with . or Enter, or press ? or * to list all spells.
Aiming: Sandblast (safe; 3% risk of failure)
Press: ? - help, Shift-Dir - straight line, f/p - Terence
Aim: Terence, wielding a +0 short sword and wearing a +0 chain mail (moderately wounded)
The blast of sand hits Terence but does no damage.
Terence is moderately wounded.
b - 329 stones Terence closely misses you.
Casting: Sandblast (safe; 3% risk of failure)
Confirm with . or Enter, or press ? or * to list all spells.
You don't have enough magic to cast that spell.
Unknown command.
You hit Terence.
Terence is heavily wounded.
Terence asks, "Do you want it fast or slow?"
Terence hits you with a +0 short sword.
You die...

.... .... ... ###. ##
##g###.... .. ###
#..>$.... ##. ....
#.....# ##.< .....
##...# #####...
.(....####....#.........
.......@@g......# #...
......###.##.#########..
..... #.#..###....###.
###. ####....##..#......
# ........##>##..####
....<...##.#..##
...........#..#
..........##.##
.......รท......#####


You could see Terence and a goblin.

Vanquished Creatures
  2 worms (D:2)
  2 leopard geckos (D:1)
  An orc (D:2)
  A bat (D:1)
  7 goblins
  4 hobgoblins (D:1)
  A quokka (D:2)
  2 kobolds (D:1)
  2 rats (D:1)
22 creatures vanquished.

Notes
Turn   | Place    | Note
-------+----------+-------------------------------------------
     0 | D:1      | funkygono the Formicid Earth Elementalist began the quest
                  | for the Orb.
     0 | D:1      | Reached XP level 1. HP: 13/13 MP: 3/3
   491 | D:1      | Reached skill level 4 in Earth Magic
   491 | D:1      | Reached XP level 2. HP: 19/19 MP: 0/5
   839 | D:1      | Reached XP level 3. HP: 21/24 MP: 4/6
  1083 | D:2      | Found a white marble altar of Elyvilon.
  1102 | D:2      | HP: 1/24 [orc/+0 whip (8)]
  1453 | D:2      | Noticed Terence
  1547 | D:2      | Gained mutation: You occasionally shout uncontrollably at
                  | your foes. [potion of mutation]
  1547 | D:2      | Gained mutation: You are somewhat resistant to further
                  | mutation. [potion of mutation]
  1549 | D:2      | Slain by Terence

Skill      XL: |  1  2  3 |
---------------+----------+-----
Earth Magic    | 4 |  4.6
Stealth        | 3 |  3.0
Dodging        | 2 |  2.0
Fighting       | |  0.2
Spellcasting   | |  2.4
Transmutations | |  1.1

Action                   || total
-------------------------++-------
Melee: Club              ||    56
       Unarmed           ||     5
 Cast: Sandblast         ||    47
  Use: Potion            ||     3
       Scroll            ||     2
  Eat: Chunk             ||     2
Armor: Robe              ||    10
Dodge: Dodged            ||    46
